 Dungeon Crawl Stone Soup version 0.26.1-11-gd32895ea62 (webtiles) character file.

Game seed: 12142022150458722718

196 nothank2 the Cudgeller (level 5, -17/34 HPs)
             Began as a Gargoyle Fighter on July 12, 2021.
             Blown up by a gnoll (22 damage)
             ... with a disintegration bolt
             ... on level 3 of the Dungeon.
             The game lasted 00:05:28 (2777 turns).

nothank2 the Cudgeller (Gargoyle Fighter)           Turns: 2777, Time: 00:05:28

Health: -17/34     AC: 10    Str: 21    XL:     5   Next: 75%
Magic:  5/5        EV:  7    Int:  8    God:
Gold:   172        SH:  9    Dex:  9    Spells: 4/4 levels left

rFire    + . .     SeeInvis .   a - +0 flail
rCold    x . .     Faith    .   c - +0 kite shield
rNeg     + . .     Spirit   .   b - +0 scale mail
rPois    ∞         Reflect  .   (no helmet)
rElec    +         Harm     .   (no cloak)
rCorr    .         Rampage  .   (no gloves)
Will     .....                  (no boots)
Stlth    ..........             (no amulet)
HPRegen  0.11/turn              i - ring of fire
MPRegen  0.09/turn              (no ring)

@: no status effects
A: negative energy resistance 1, electricity resistance, unbreathing,
petrification resistance, miasma immunity, AC +4
a: no special abilities


You were on level 3 of the Dungeon.
You visited 1 branch of the dungeon, and saw 3 of its levels.

You collected 172 gold pieces.

Inventory:

Hand Weapons
 a - a +0 flail (weapon)
Armour
 b - a +0 scale mail (worn)
 c - a +0 kite shield (worn)
Jewellery
 i - a ring of fire (left hand)
Scrolls
 f - a scroll of fog {unknown}
 g - 4 scrolls of fear {unknown}
 j - 5 scrolls of identify {unknown}
 k - a scroll of enchant armour {unknown}
 o - a scroll of remove curse {unknown}
Potions
 d - a potion of might
 e - 2 potions of flight {unknown}
 h - a potion of resistance {unknown}
 l - a potion of attraction {unknown}
 m - a potion of haste {unknown}
 n - a potion of mutation {unknown}
 p - a potion of brilliance {unknown}


   Skills:
 + Level 4.7 Fighting
 * Level 4.9 Maces & Flails
 - Level 3.2 Armour
 - Level 3.2 Shields


You had 4 spell levels left.
You didn't know any spells.
Your spell library was empty.

Dungeon Overview and Level Annotations

Branches:
Dungeon (3/15)

Altars:
Cheibriados
Xom
Yredelemnul

Annotations:
D:3 1 transporter, bnorton916's ghost, amateur DECj


Innate Abilities, Weirdness & Mutations

You are resistant to torment.
Your stone body is resilient. (AC +4)
You are immune to poison.
You resist negative energy. (rN+)
You are resistant to electric shocks. (rElec)
You can survive without breathing.
You are immune to petrification.
You are immune to miasma.


Message History

You block the gnoll's attack. The gnoll hits you but does no damage.
Your shield and scale mail prevent you from hitting the gnoll.
The gnoll is moderately wounded.
The gnoll hits you but does no damage.
The gnoll hits you with a +2 spear of venom.
* * * LOW HITPOINT WARNING * * *
The gnoll hits you with a +2 spear of venom.
* * * LOW HITPOINT WARNING * * *
Things that are here:
the +8 spear of Defiance {venom, Int+2}; a gnoll corpse You block the gnoll's attack.
You block the gnoll's attack.
You hit the gnoll.
The gnoll is heavily wounded.
The gnoll zaps a wand.
You barely resist. You closely miss the gnoll.
The gnoll is heavily wounded.
The gnoll closely misses you.
The gnoll zaps a wand.
You are blasted!
Ouch! That really hurt!
You die...

.≈≈#...#.###.©.###.#...#≈≈..#
.≈≈#...###.#####.###...#≈≈..#
.≈≈###...............###≈≈..#
.≈≈.8#.######'######.#8.≈≈..#
.≈≈.##.# #8..#.⌠.#.##.≈≈..#
(≈≈.#gg'. #⌠©.....'..#.≈≈..#
.≈≈.##.#.. #8..#.⌠.#.##.≈≈..#
.≈≈.8#.######'######.#8.≈≈..#
.≈≈###.g..g.Wgg.@....###≈≈..#
.≈≈#...###.#####g###...#≈≈..#
.≈≈#ggg#.###.©.###.#...#≈≈..#
.≈≈#####(..........#####≈≈..#
.≈≈≈≈≈≈≈≈≈≈≈...≈≈≈≈≈≈≈≈≈≈≈..#
.≈≈≈≈≈≈≈≈≈≈≈...≈≈≈≈≈≈≈≈≈≈≈..#
............................#
....################........#
##### ##########


You could see bnorton916's ghost and 4 gnolls.

Vanquished Creatures
  An orc priest (D:3)
  6 gnolls (D:3)
  4 adders
  A worm (D:2)
  2 dart slugs
  A leopard gecko (D:1)
  8 orcs (D:3)
  8 bats
  2 giant cockroaches
  2 gnoll zombies (D:2)
  5 goblins
  5 hobgoblins
  2 jackals (D:2)
  3 frilled lizards
  4 kobolds
  8 rats
  A toadstool (D:1)
63 creatures vanquished.

Vanquished Creatures (others)
  6 plants (D:3)
  3 toadstools (D:1)
9 creatures vanquished.

Grand Total: 72 creatures vanquished

Notes
Turn   | Place    | Note
-------+----------+-------------------------------------------
     0 | D:1      | nothank2 the Gargoyle Fighter began the quest for the Orb.
     0 | D:1      | Reached XP level 1. HP: 14/14 MP: 1/1
   102 | D:1      | Reached XP level 2. HP: 19/19 MP: 2/2
   830 | D:2      | Reached XP level 3. HP: 24/24 MP: 3/3
  1083 | D:2      | Found a snail-covered altar of Cheibriados.
  1240 | D:2      | Reached XP level 4. HP: 26/29 MP: 4/4
  1575 | D:2      | Found a basalt altar of Yredelemnul.
  1732 | D:3      | Identified the +8 spear of Defiance {venom, Int+2}
  1749 | D:3      | Found a transporter.
  1749 | D:3      | Found a transporter.
  1818 | D:3      | Found a faded altar of an unknown god.
  1837 | D:3      | Found a shimmering altar of Xom.
  1837 | D:3      | Found a shimmering altar of Xom.
  1839 | D:3      | Found a shimmering altar of Xom.
  1839 | D:3      | Found a shimmering altar of Xom.
  1841 | D:3      | Found a shimmering altar of Xom.
  1841 | D:3      | Found a shimmering altar of Xom.
  1843 | D:3      | Found a shimmering altar of Xom.
  1897 | D:3      | Reached XP level 5. HP: 24/34 MP: 5/5
  2280 | D:3      | Found a glowing drain.
  2435 | D:3      | Noticed a two-headed ogre
  2769 | D:3      | Noticed bnorton916's ghost (amateur DECj)
  2777 | D:3      | Blown up by a gnoll

Illustrated notes

Levels and vault maps discovered:
D:1:      ldierk_water_garden, layout_loops_ring
D:2:      layout_loops_ring, kennysheep_slug_shrine,
          lemuel_zombie_altar_yredelemnul
D:3:      layout_basic, nicolae_xom_altar_mimics,
          chequers_ecumenical_altar_simple_redux, portal_sewer_entry_d,
          gammafunk_ghost_gnarly_gnolls, lightli_corner_chamber

Skill      XL: |  1  2  3  4 |
---------------+-------------+-----
Maces & Flails | 3 4 |  4.9
Fighting       | 4 |  4.7
Armour         | |  3.2
Shields        | |  3.2

Action                   |  1- 3 |  4- 6 || total
-------------------------+-------+-------++-------
Melee: Flail             |   109 |   124 ||   233
Armor: Scale mail        |    65 |    68 ||   133
Dodge: Dodged            |    35 |    27 ||    62
Block: Kite shield       |    56 |    53 ||   109
